 Dungeon Crawl Stone Soup version 0.27.0-1-g7a089689b8 (webtiles) character file.

Game seed: 16977055523328542119

10430 Sin92 the Carver (level 11, -4/97 HPs)
             Began as a Minotaur Fighter on Aug 2, 2021.
             Was the Champion of Okawaru.
             Slain by a death knight (19 damage)
             ... on level 11 of the Dungeon.
             The game lasted 00:12:56 (9997 turns).

Sin92 the Carver (Minotaur Fighter)                 Turns: 9997, Time: 00:12:57

Health: -4/97      AC: 13    Str: 26    XL:     11   Next: 36%
Magic:  9/11       EV: 16    Int:  5    God:    Okawaru [******]
Gold:   1343       SH: 20    Dex: 14    Spells: 10/10 levels left

rFire    . . .     SeeInvis .   A - +4 scimitar (spect)
rCold    . . .     Faith    .   c - +1 kite shield
rNeg     . . .     Spirit   .   b - +0 scale mail
rPois    +         Reflect  +   (helmet restricted)
rElec    .         Harm     .   k - +2 cloak {rPois}
rCorr    .         Rampage  .   (no gloves)
Will     .....                  (no boots)
Stlth    ++........             r - amulet of reflection
HPRegen  0.26/turn              e - +4 ring of protection
MPRegen  0.12/turn              m - +6 ring of strength

@: heroic, corroded
A: horns 2, retaliatory headbutt
a: Renounce Religion, Heroism, Finesse


You were on level 11 of the Dungeon.
You worshipped Okawaru.
Okawaru was exalted by your worship.
You visited 2 branches of the dungeon, and saw 12 of its levels.

You collected 1343 gold pieces.

Inventory:

Hand Weapons
 a - a +1 long sword
 A - a +4 spectral scimitar (weapon)
Armour
 b - a +0 scale mail (worn)
 c - a +1 kite shield (worn)
 d - a +0 cloak
 h - a +1 cloak
 k - a +2 cloak of poison resistance (worn)
 w - the +2 hat of the Rose {Str+3 Int+4}
   (Okawaru gifted it to you on level 11 of the Dungeon)

   Str:       It affects your strength (+3).
   Int:       It affects your intelligence (+4).
Jewellery
 e - a +4 ring of protection (left hand)
 m - a +6 ring of strength (right hand)
 p - a +6 ring of intelligence
 r - an amulet of reflection (around neck)
 y - a ring of magical power
 z - a ring of positive energy
 C - an amulet of magic regeneration
Wands
 i - a wand of flame (64)
 t - a wand of digging (5)
 v - a wand of charming (5)
 H - a wand of iceblast (6)
Scrolls
 f - 3 scrolls of magic mapping
 j - 8 scrolls of teleportation
 s - 3 scrolls of fear
 x - a scroll of blinking
 G - a scroll of fog
 I - a scroll of amnesia
Potions
 g - 2 potions of brilliance
 l - 4 potions of curing
 n - a potion of magic
 o - 3 potions of mutation
 q - 3 potions of heal wounds
 u - 3 potions of lignification
 B - a potion of flight
 D - a potion of resistance
 E - a potion of might


   Skills:
 + Level 9.4(14.4) Fighting
 * Level 12.3(17.3) Long Blades
 + Level 9.5(14.5) Armour
 + Level 7.8(12.8) Dodging
 + Level 9.5(14.5) Shields
 + Level 2.3 Invocations


You had 10 spell levels left.
You didn't know any spells.
Your spell library contained the following spells:

 Spells                   Type           Power      Damage    Failure   Level
 Foxfire                  Conj/Fire      0%         2x1d4     71%         1
 Pain                     Necr           0%         1d4       71%         1
 Blink                    Tloc           N/A        N/A       83%         2
 Corpse Rot               Necr/Air       N/A        N/A       83%         2
 Passwall                 Tmut/Erth      0%         N/A       83%         2
 Poisonous Vapours        Pois/Air       0%         N/A       83%         2
 Slow                     Hex            0%         N/A       83%         2
 Sublimation of Blood     Necr           0%         N/A       83%         2
 Wereblood                Tmut           0%         N/A       83%         2
 Confusing Touch          Hex            0%         N/A       97%         3
 Conjure Flame            Conj/Fire      0%         6-21      97%         3
 Dazzling Flash           Conj/Hex       0%         N/A       97%         3
 Inner Flame              Hex/Fire       0%         N/A       97%         3
 Lesser Beckoning         Tloc           0%         N/A       97%         3
 Vampiric Draining        Necr           0%         2d6       97%         3
 Animate Dead             Necr           0%         N/A       100%        4
 Agony                    Necr           0%         N/A       100%        5
 Borgnjor's Vile Clutch   Necr/Erth      0%         N/A       100%        5
 Excruciating Wounds      Necr           0%         N/A       100%        5
 Freezing Cloud           Conj/Ice/Air   0%         6-21      100%        5
 Manifold Assault         Tloc           0%         N/A       100%        5
 Silence                  Hex/Air        0%         N/A       100%        5
 Death Channel            Necr           0%         N/A       100%        6
 Dispersal                Tloc           0%         N/A       100%        6
 Eringya's Noxious Bog    Tmut/Pois      0%         N/A       100%        6
 Summon Hydra             Summ           0%         N/A       100%        7
 Disjunction              Tloc           0%         N/A       100%        8
 Chain Lightning          Conj/Air       0%         N/A       100%        9
 Fire Storm               Conj/Fire      0%         5d1       100%        9


Dungeon Overview and Level Annotations

Branches:
Dungeon (11/15)            Temple (1/1) D:4            Lair (0/6) D:9
    Orc (0/2) D:9

Altars:
Ashenzari
Cheibriados
Dithmenos
Elyvilon
Fedhas
Gozag
Hepliaklqana
Kikubaaqudgha
Makhleb
Nemelex Xobeh
Okawaru
Qazlal
Ru
Sif Muna
Trog
Uskayaw
Vehumet
Wu Jian
Xom
Yredelemnul
Zin
The Shining One

Shops:
D:1 (   D:7 *

Annotations:
D:8 3 runed translucent doors, Nausicaa's ghost, novice TrDe


Innate Abilities, Weirdness & Mutations

You have a pair of horns on your head.
You reflexively headbutt those who attack you in melee.


Message History

The brown ugly thing pecks you.
You are splashed with acid.
You barely miss the brown ugly thing. You headbutt the brown ugly thing.
The brown ugly thing is moderately wounded.
Your spectral +4 spectral scimitar hits the brown ugly thing!
The death knight hits you with a +1 broad axe of draining!
You feel drained.
Unknown command.
You slash the brown ugly thing!
The brown ugly thing is severely wounded.
Your spectral +4 spectral scimitar hits the brown ugly thing!
You block the brown ugly thing's attack.
The death knight invokes the aid of Yredelemnul against you.
Your body is wracked with pain!
A boulder beetle comes into view.
You hit the brown ugly thing.
The brown ugly thing is almost dead.
Your spectral +4 spectral scimitar hits the brown ugly thing!
You kill the brown ugly thing!
Okawaru is honoured by your kill. The death knight closely misses you.
The death knight closely misses your spectral +4 spectral scimitar.
Your life force feels restored.
You hit the death knight but do no damage.
You headbutt the death knight, but do no damage.
Your spectral +4 spectral scimitar hits the death knight!
A brown ugly thing comes into view.
You hit the death knight.
The death knight is lightly wounded.
Your spectral +4 spectral scimitar misses the death knight.
You block the death knight's attack.
The death knight hits your spectral +4 spectral scimitar with a +1 broad axe of draining!
Your spectral weapon shares its damage with you!
The boulder beetle leaps!
You slash the death knight! You headbutt the death knight!
The death knight is moderately wounded.
Your spectral +4 spectral scimitar hits the death knight!
The tengu warrior shoots an arrow.
The arrow hits you!
* * * LOW HITPOINT WARNING * * *
The death knight hits you with a +1 broad axe of draining!!
You die...

#....#......#
........#.##pD
#....################.'.#.#
#...............B....u#.†#
#.....................#.##
#..................u..#..
#..................D..#.#.
#................g....#....
................(pQ[..#..
#.
................@.....#..
..
......................####
##
########..)..............
.........................
#......................#[.
#......................###
#......######..........#
######## #..........# #
#..........#


You could see a death knight, a boulder beetle, a six-headed hydra, 2 ugly
things, a tengu warrior, a gnoll sergeant and a friendly spectral +4 spectral
scimitar (summoned).

Vanquished Creatures
  Fannar (D:10)
  Erolcha (D:9)
  3 two-headed ogres
  A necromancer (D:10)
  An ugly thing (D:11)
  Joseph (D:7)
  An unseen horror (D:11)
  Psyche (D:8)
  3 hornets
  5 yaks (D:9)
  2 wyverns
  A vampire mosquito (D:11)
  A warg (D:9)
  2 water moccasins (D:8)
  Duvessa (D:7)
  6 orc warriors
  An ice beast (D:6)
  2 necrophages
  A sky beast (D:7)
  3 ogres
  4 centaurs
  5 kobold brigands
  A bullfrog (D:7)
  2 scorpions
  Dowan (D:7)
  8 killer bees (D:9)
  11 wights
  A howler monkey (D:5)
  A centaur zombie (D:10)
  4 orc priests
  4 orc wizards
  2 killer bee zombies (D:8)
  3 adders
  2 shadow imps
  2 ufetubi
  An adder skeleton (D:4)
  4 worms
  A dart slug (D:1)
  18 orcs
  4 endoplasms
  6 giant cockroaches
  5 goblins
  6 hobgoblins
  8 jackals
  A quokka (D:3)
  5 ball pythons
  4 bats
  A frilled lizard (D:1)
  33 kobolds
  9 rats
195 creatures vanquished.

Vanquished Creatures (others)
  3 plants
  4 toadstools (D:1)
7 creatures vanquished.

Grand Total: 202 creatures vanquished

Notes
Turn   | Place    | Note
-------+----------+-------------------------------------------
     0 | D:1      | Sin92 the Minotaur Fighter began the quest for the Orb.
     0 | D:1      | Reached XP level 1. HP: 19/19 MP: 0/0
   141 | D:1      | Found Metauttu's Antique Weapon Shoppe.
   216 | D:1      | Reached XP level 2. HP: 27/27 MP: 1/1
   364 | D:1      | Reached skill level 3 in Long Blades
   594 | D:1      | Found a faded altar of an unknown god.
   846 | D:2      | Reached XP level 3. HP: 33/33 MP: 2/2
   970 | D:2      | Reached skill level 1 in Dodging
  1786 | D:3      | Found an opulent altar of Gozag.
  1958 | D:3      | Found a broken altar of Ashenzari.
  2049 | D:3      | Reached XP level 4. HP: 32/40 MP: 3/3
  2441 | D:4      | Found a staircase to the Ecumenical Temple.
  2495 | D:4      | Noticed an ogre
  2500 | D:4      | Killed an ogre
  2501 | D:4      | Reached skill level 4 in Long Blades
  2501 | D:4      | Reached XP level 5. HP: 47/47 MP: 4/4
  2572 | D:4      | Noticed a necrophage
  2574 | Temple   | Entered the Ecumenical Temple
  2631 | Temple   | Became a worshipper of Warmaster Okawaru
  2650 | D:4      | Killed a necrophage
  2651 | D:4      | Reached XP level 6. HP: 53/53 MP: 5/5
  2728 | D:4      | Reached skill level 5 in Long Blades
  2793 | D:4      | Reached skill level 5 in Armour
  3048 | D:4      | Identified a scroll of acquirement
  3048 | D:4      | Acquired 759 gold pieces
  3209 | D:5      | Entered Level 5 of the Dungeon
  3668 | D:5      | Reached skill level 5 in Fighting
  3668 | D:5      | Reached skill level 5 in Shields
  3713 | D:5      | Found a sacrificial altar of Ru.
  3713 | D:5      | Found a white marble altar of Elyvilon.
  3714 | D:5      | Found a glowing golden altar of the Shining One.
  3966 | D:6      | Reached * piety under Okawaru
  3967 | D:6      | Reached XP level 7. HP: 60/61 MP: 6/6
  4100 | D:6      | Reached skill level 6 in Long Blades
  4116 | D:6      | You fall into a shaft and drop 2 floors!
  4117 | D:8      | Found a runed translucent gate.
  4117 | D:8      | Found a runed translucent gate.
  4117 | D:8      | Noticed Psyche
  4134 | D:8      | Killed Psyche
  4351 | D:8      | Noticed a hornet
  4360 | D:8      | Killed a hornet
  4360 | D:8      | Reached ** piety under Okawaru
  4361 | D:8      | Reached skill level 7 in Long Blades
  4361 | D:8      | Reached XP level 8. HP: 52/70 MP: 7/7
  4468 | D:8      | Noticed a slime creature
  4490 | D:8      | Noticed a slime creature
  4491 | D:8      | Noticed a deep elf pyromancer
  4492 | D:8      | Noticed a two-headed ogre
  4493 | D:8      | Noticed a troll
  4685 | D:7      | Noticed Duvessa
  4686 | D:7      | Noticed Dowan
  4693 | D:7      | Killed Duvessa
  4697 | D:7      | Killed Dowan
  5397 | D:7      | Found Obain's General Store.
  5437 | D:7      | Reached *** piety under Okawaru
  5438 | D:7      | Reached skill level 8 in Long Blades
  5455 | D:7      | Noticed Joseph
  5474 | D:7      | Killed Joseph
  5475 | D:7      | Reached skill level 5 in Dodging
  5475 | D:7      | Reached XP level 9. HP: 36/78 MP: 8/8
  5897 | D:7      | Found a sparkling altar of Nemelex Xobeh.
  6123 | D:8      | Reached skill level 9 in Long Blades
  6304 | D:8      | Noticed a deep elf pyromancer
  6305 | D:8      | Noticed a centaur warrior
  6306 | D:8      | Noticed a centaur warrior
  6306 | D:8      | Noticed a troll
  6319 | D:8      | Reached **** piety under Okawaru
  6610 | D:8      | Found a runed translucent gate.
  6610 | D:8      | Noticed Nausicaa's ghost (novice TrDe)
  6840 | D:9      | Noticed a two-headed ogre
  6850 | D:9      | Killed a two-headed ogre
  6851 | D:9      | Reached skill level 10 in Long Blades
  6936 | D:9      | Noticed a two-headed ogre
  6944 | D:9      | Killed a two-headed ogre
  6945 | D:9      | Reached XP level 10. HP: 88/88 MP: 9/9
  7220 | D:9      | Found a staircase to the Orcish Mines.
  7228 | D:9      | Reached ***** piety under Okawaru
  7266 | D:9      | Reached skill level 11 in Long Blades
  7698 | D:9      | Noticed Erolcha
  7711 | D:9      | Killed Erolcha
  7785 | D:9      | Found a staircase to the Lair.
  8429 | D:10     | Entered Level 10 of the Dungeon
  8447 | D:10     | Noticed a necromancer
  8453 | D:10     | Killed a necromancer
  8672 | D:10     | Got the Compendium of Changing and Toxins
  8737 | D:10     | Noticed Fannar
  8748 | D:10     | Noticed a two-headed ogre
  8953 | D:10     | Reached skill level 1 in Invocations
  9041 | D:10     | Reached XP level 11. HP: 84/97 MP: 10/10
  9045 | D:10     | Killed a two-headed ogre
  9453 | D:10     | Reached skill level 12 in Long Blades
  9569 | D:10     | Killed Fannar
  9569 | D:10     | Reached ****** piety under Okawaru
  9961 | D:11     | Identified the +2 hat of the Rose {Str+3 Int+4} (Okawaru
                  | gifted it to you on level 11 of the Dungeon)
  9961 | D:11     | Received a gift from Okawaru
  9971 | D:11     | Noticed a brown ugly thing
  9976 | D:11     | Noticed a death knight
  9977 | D:11     | Noticed a white ugly thing
  9979 | D:11     | Noticed a six-headed hydra
  9987 | D:11     | Identified the +1 crystal plate armour of Hedging {rC-
                  | Regen+ Str+4 Dex+3}
  9987 | D:11     | Noticed a tengu warrior
  9993 | D:11     | Noticed a boulder beetle
  9994 | D:11     | Killed a brown ugly thing
  9995 | D:11     | Noticed a brown ugly thing
  9997 | D:11     | Slain by a death knight

Illustrated notes

Levels and vault maps discovered:
D:1:      ldierk_water_garden, layout_rooms, shapermc_ecumenical_altar_ellora,
          serial_shops, shop
D:2:      layout_loops_ring, serial_forest, infiniplex_forest_corner_1,
          infiniplex_forest_clump_double, infiniplex_forest_clump_tiny,
          infiniplex_forest_clump_C, infiniplex_forest_lined_2,
          infiniplex_forest_clump_small, infiniplex_forest_fountain
D:3:      layout_basic, nicolae_gozag_seed_capital,
          mainiacjoe_overflow_24_doors, minivault_5, minmay_quadrilaterals
D:4:      layout_cave_pools, minmay_temple_entry_tees
D:5:      layout_gridville, chequers_temple_overflow_statue_of_worship
D:6:      layout_gridville
D:7:      layout_loops_ring, nemelex_dance_club_becter, serial_shops,
          nicolae_shop_window_shopping, uniq_joseph, uniq_duvessa
D:8:      layout_cave_pools, gammafunk_ghost_nasty_kobolds, serial_bayou_pond_e,
          st_stairs_11, minivault_12, uniq_psyche
D:9:      layout_loops_corners, lair_entry_dummy, david_orc_1_choice,
          uniq_erolcha
D:10:     layout_rooms, minmay_librarian, uniq_fannar
D:11:     layout_grid_maze, serial_shops, shop,
          minmay_the_grid_square_5x5_3x3_mashed
          [minmay_the_grid_square_5x5_two_walls_b,
          minmay_the_grid_square_5x5_percent,
          minmay_the_grid_square_5x5_pentomino_r,
          minmay_the_grid_square_5x5_six,
          minmay_the_grid_square_5x5_megaprize_checkered,
          minmay_the_grid_square_5x5_eight,
          minmay_the_grid_square_5x5_two_walls_a, minmay_the_grid_square_5x5_z,
          minmay_the_grid_square_5x5_detours], uniq_nergalle
Temple:   nicolae_temple_x_marks_the_god

Skill      XL: |  1  2  3  4  5  6  7  8  9 10 11 |
---------------+----------------------------------+-----
Long Blades    | 3 4 5 7 8 10 11 12 | 12.3
Dodging        | 1 2 3 4 5 6 7 |  7.8
Shields        | 4 5 6 8 9 |  9.5
Armour         | 4 5 6 8 9 |  9.5
Fighting       | 4 5 6 8 9 |  9.4
Invocations    | 1 2 |  2.3

Action                   |  1- 3 |  4- 6 |  7- 9 | 10-12 || total
-------------------------+-------+-------+-------+-------++-------
Melee: Long sword        |    99 |    90 |    71 |       ||   260
       Headbutt          |    11 |    21 |    32 |    44 ||   108
       Unarmed           |       |       |     9 |       ||     9
       Scimitar          |       |       |    42 |   179 ||   221
Invok: Heroism           |       |       |       |     1 ||     1
  Use: Potion            |       |     1 |     3 |       ||     4
       Scroll            |       |     6 |     7 |    12 ||    25
 Stab: Distracted        |       |       |       |     1 ||     1
Armor: Scale mail        |    45 |    31 |    44 |    30 ||   150
Dodge: Dodged            |    26 |    36 |    47 |    28 ||   137
Block: Kite shield       |    65 |    54 |   130 |   122 ||   371
       Reflection        |       |       |    11 |     6 ||    17
       Rpst.: Long sword |     5 |    10 |     8 |       ||    23
       Scimitar          |       |       |     2 |     8 ||    10
